Construct Infanterie Kompanie
Selects Terror Battlegroup
Selects Machine Gun Camouflage
Construct Panzergrenadier Kompanie
Selects Contempt for the Weak
Infanterie Officer Quarters
Pak 40 Anti-tank Gun Team
Pak 40 Anti-tank Gun Team
Selects Defend the Fatherland
Selects Propaganda Leaflet Drop
Panzergrenadier Officer Quarters
Selects Propaganda Leaflet Drop
Nebelwerfer 42 Rocket Launcher Team
Nebelwerfer 42 Rocket Launcher Team
Pak 40 Anti-tank Gun Team
Pak 40 Anti-tank Gun Team
Selects King Tiger Heavy Tank